AoeStats
← daitoudaguo

MegaRandom

510545723Analyzed
4v4 RM · 14h ago on Oct 1, 2026· 38m 30s· 8 players
Game mode
Random Map
Map size
Large (8 player)
Population
200
Speed
Normal
Resources
Standard
Victory
Conquest
Starting age
Dark Age
Ending age
Imperial Age
RankedLock teamsTeams togetherTeam positionsShared explorationLock speedFull tech treeHidden civsTurbo modeCheats
Victory
Defeat
🇩🇪 Mongols · Germany
1297
+13
🇩🇪 Khitans · Germany
1225
+16
🇨🇳 Sicilians · China
1223
+16
🇲🇹 Persians · Malta
1162
+18
🇭🇰 Britons · Hong Kong SAR China
1260
-17
🇹🇼 Franks · Taiwan
1251
-17
🇨🇳 Khmer · China
1195
-15
🇨🇳 Bengalis · China
1181
-14
Darth Joker2673
0:38 Loom
10:36 Feudal Age
12:10 Double-Bit Axe
16:45 Domestication
17:18 Scale Barding Armor
19:48 Wheelbarrow
22:48 Castle Age
21:13 Forging
22:53 Gold Mining
23:12 Light Cavalry
23:53 Husbandry
24:08 Bow Saw
26:21 Iron Casting
26:24 Stone Mining
27:46 Pastoralism
28:14 Chain Barding Armor
29:51 Hand Cart
38:07 Sanctity
37:58 Fervor
37:49 Devotion
38:33 Stone Shaft Mining
40:34 Imperial Age
39:01 Ballistics
38:22 Treadmill Crane
38:38 Murder Holes
38:54 Masonry
proxxi
7:23 Loom
10:24 Feudal Age
10:58 Double-Bit Axe
21:17 Castle Age
20:38 Bloodlines
20:14 Horse Collar
21:48 Husbandry
22:15 Scale Barding Armor
27:45 Bow Saw
29:50 Wheelbarrow
32:37 Forging
33:46 Chain Barding Armor
36:44 Iron Casting
Green Assassin
0:29 Loom
11:15 Feudal Age
17:04 Castle Age
15:25 Double-Bit Axe
16:23 Fletching
16:51 Bloodlines
18:37 Wheelbarrow
17:51 Horse Collar
20:24 Bow Saw
20:54 Bodkin Arrow
22:45 Ballistics
22:46 Padded Archer Armor
25:00 Husbandry
30:43 Heavy Plow
32:45 Leather Archer Armor
32:47 Thumb Ring
33:50 Gold Mining
Hold the door
daitoudaguo
0:37 Loom
12:34 Feudal Age
16:11 Castle Age
14:16 Double-Bit Axe
14:15 Horse Collar
15:43 Town Watch
16:35 Wheelbarrow
23:09 Bow Saw
24:03 Pikeman
25:36 Fletching
25:46 Padded Archer Armor
26:00 Bloodlines
27:05 Hand Cart
27:11 Heavy Plow
27:39 Ballistics
27:31 Bodkin Arrow
30:31 Gold Mining
31:26 Stone Mining
32:05 Paiks
35:22 Imperial Age
34:31 Leather Archer Armor
35:41 Husbandry
36:11 Bracer
35:42 Elite Elephant Archer
36:56 Conscription
38:18 Chemistry
37:49 Elite Elephant Archer
39:08 Ring Archer Armor
凱瑞Kary
0:41 Loom
10:25 Feudal Age
12:24 Forging
12:19 Scale Barding Armor
21:58 Castle Age
20:47 Double-Bit Axe
22:41 Husbandry
24:18 Iron Casting
29:27 Chain Barding Armor
32:00 Ballistics
31:32 Fletching
我的农民有八块腹肌
0:55 Loom
神采飞扬
0:49 Loom
15:50 Feudal Age
22:30 Castle Age
Connection lost

Rejoining the realm…

Still unreachable

The connection could not be restored.

Session expired

The server has moved on; the page needs a fresh start.